 Dungeon Crawl Stone Soup version 0.25.1-2-g60ff931df9 (webtiles) character file.

Game seed: 17309546410855223699

213 Morbidden the Sneak (level 5, -20/45 HPs)
             Began as a Draconian Assassin on July 30, 2020.
             Killed from afar by a goblin (26 damage)
             ... with an exploding inner flame
             ... hexed by the player character
             ... on level 3 of the Dungeon.
             The game lasted 00:06:04 (2748 turns).

Morbidden the Sneak (Draconian Assassin)            Turns: 2748, Time: 00:06:04

Health: -20/45     AC:  6    Str: 13    XL:     5   Next: 59%
Magic:  8/8        EV: 12    Int: 12    God:
Gold:   138        SH:  0    Dex: 13    Spells: 8/8 levels left

rFire    . . .     SeeInvis .   o - +2 dagger (venom)
rCold    . . .     Gourm    .   (no shield)
rNeg     . . .     Faith    .   (armour unavailable)
rPois    .         Spirit   .   (helmet restricted)
rElec    .         Reflect  .   b - +0 cloak
rCorr    .         Harm     .   (no gloves)
MR       +....                  (no boots)
Stlth    +++.......             (no amulet)
HPRegen  0.15/turn              r - ring of protection from magic
MPRegen  0.11/turn              (no ring)

@: no status effects
A: unfitting armour, cold-blooded, AC +5
a: no special abilities


You were on level 3 of the Dungeon.
You were hungry.

You visited 1 branch of the dungeon, and saw 3 of its levels.

You collected 138 gold pieces.

Inventory:

Hand Weapons
 o - a +2 dagger of venom (weapon)
Missiles
 c - 3 poisoned darts (quivered)
 d - 10 curare-tipped darts
 e - 5 boomerangs of dispersal
 g - a throwing net
 m - 3 boomerangs
Armour
 b - a +0 cloak (worn)
Jewellery
 r - a ring of protection from magic (left hand)
Wands
 p - a wand of clouds (6)
Scrolls
 a - a scroll of remove curse
Potions
 i - 2 potions of curing {unknown}
 k - 2 potions of flight {unknown}
 n - a potion of heal wounds {unknown}
 s - 2 potions of lignification {unknown}
Comestibles
 f - 6 rations


   Skills:
 * Level 3.6 Fighting
 + Level 2.8 Short Blades
 + Level 2.8 Throwing
 + Level 1.5 Dodging
 + Level 4.2 Stealth
 * Level 2.0 Spellcasting


You had 8 spell levels left.
You didn't know any spells.
Your spell library was empty.

Dungeon Overview and Level Annotations

Branches:
Dungeon (3/15)

Altars:
Elyvilon
Zin
The Shining One


Innate Abilities, Weirdness & Mutations

Your plain brown scales are hard. (AC +5)
You cannot fit into any form of body armour.
You are cold-blooded and may be slowed by cold attacks.


Message History

Throwing (i - inventory. (/) - cycle)
c - 4 poisoned darts (quivered)
Press: ? - help, Shift-Dir - straight line, f/p - leopard gecko
Aim: a leopard gecko (inner flame)
You throw a poisoned dart.
The poisoned dart hits the leopard gecko.
The leopard gecko is poisoned.
The leopard gecko bites you but does no damage.
Unknown command.
You hit the leopard gecko but do no damage.
The leopard gecko looks even sicker.
Flame seeps out of the leopard gecko.
The leopard gecko is engulfed in blazing flames.
The leopard gecko explodes!
The fiery explosion engulfs you!!!
Ouch! That really hurt!
* * * LOW HITPOINT WARNING * * *
The fiery explosion engulfs the goblin!
The goblin explodes!
The fiery explosion engulfs you!!
Ouch! That really hurt!
You die...

#.##..####.#..# #
#...............
####....##.......
#.#..####..####
#.#..... ..#
#.#..####..# #.#..#
#.# ##.## #.#..# #.#
..... #.#..#
#@#######.# ##.##
#.#..#####§○§.......
#........§§§§..(##.
###..######.........
##..# #..........
#...# ##....#..(#.
#.#.###...#.###(...
#.#.##.###.#.# ###.
#.#....# ....


There were no monsters in sight!

Vanquished Creatures
  2 orc wizards (D:3)
  2 adders
  4 gnolls (D:2)
  An ooze (D:1)
  2 worms
  2 dart slugs (D:2)
  2 leopard geckos
  11 orcs (D:3)
  7 bats
  A giant cockroach (D:1)
  3 hobgoblins (D:1)
  12 jackals
  5 kobolds
  2 quokkas (D:3)
  2 ball pythons (D:2)
  3 frilled lizards
  5 goblins
  7 rats
73 creatures vanquished.

Notes
Turn   | Place    | Note
-------+----------+-------------------------------------------
     0 | D:1      | Morbidden the Draconian Assassin began the quest for the
                  | Orb.
     0 | D:1      | Reached XP level 1. HP: 17/17 MP: 1/1
    44 | D:1      | Reached skill level 4 in Stealth
   254 | D:1      | Reached XP level 2. HP: 24/24 MP: 2/2
   271 | D:1      | Reached skill level 1 in Dodging
   838 | D:1      | Reached XP level 3. HP: 30/30 MP: 3/3
  1309 | D:2      | Reached skill level 1 in Spellcasting
  1388 | D:1      | Reached XP level 4. HP: 31/38 MP: 5/5
  1691 | D:2      | Found a glowing golden altar of the Shining One.
  1691 | D:2      | Found a white marble altar of Elyvilon.
  1694 | D:2      | Found a glowing silver altar of Zin.
  2167 | D:3      | Reached XP level 5. HP: 33/45 MP: 7/7
  2748 | D:3      | Killed from afar by a goblin

Illustrated notes

Levels and vault maps discovered:
D:1:      roderic_octagonal_star, layout_basic, minmay_misc_feat_plants
D:2:      layout_rooms, good_gods_temple_1
D:3:      layout_loops_ring, portal_sewer_entry_e

Skill      XL: |  1  2  3  4  5 |
---------------+----------------+-----
Stealth        | 4 |  4.2
Dodging        | 1 |  1.5
Spellcasting   | 1 2 |  2.0
Throwing       | 2 |  2.8
Fighting       | 3 |  3.6
Short Blades   | |  2.8

Action                   |  1- 3 |  4- 6 || total
-------------------------+-------+-------++-------
Melee: Dagger            |   116 |    69 ||   185
       Tailslap          |    12 |     5 ||    17
Throw: Boomerang         |    32 |    17 ||    49
       Dart              |       |    47 ||    47
  Use: Scroll            |       |     6 ||     6
 Stab: Sleeping          |     2 |     1 ||     3
  Eat: Chunk             |     2 |     3 ||     5
Armor: Skin              |    52 |    15 ||    67
Dodge: Dodged            |    86 |    37 ||   123
